 Dungeon Crawl Stone Soup version 0.21.1-1-g345015fe64 (webtiles) character file.

28 Revguard the Gusty (level 2, -5/23 HPs)
             Began as a Draconian Air Elementalist on June 10, 2018.
             Slain by Crazy Yiuf
             ... wielding a +3 quarterstaff of chaos
              (11 damage)
             ... on level 2 of the Dungeon.
             The game lasted 00:04:31 (1110 turns).

Revguard the Gusty (Draconian Air Elementalist)     Turns: 1110, Time: 00:04:32

Health: -5/23      AC:  4    Str: 10    XL:     2   Next: 96%
Magic:  3/5        EV: 12    Int: 19    God:
Gold:   46         SH:  0    Dex: 11    Spells: 2/5 levels left

rFire    . . .     SeeInvis .   g - +0 short sword
rCold    . . .     Gourm    .   (no shield)
rNeg     . . .     Faith    .   (armour unavailable)
rPois    .         Spirit   .   (helmet restricted)
rElec    .         Reflect  .   (no cloak)
rCorr    .         Harm     .   (no gloves)
MR       .....                  (no boots)
Stlth    ++........             (no amulet)
HPRegen  0.07/turn              d - +4 ring of intelligence
MPRegen  0.09/turn              (no ring)

@: drained
A: unfitting armour, cold-blooded, AC +4
a: no special abilities


You were on level 2 of the Dungeon.
You were hungry.

You visited 1 branch of the dungeon, and saw 2 of its levels.

You collected 46 gold pieces.

Inventory:

Hand Weapons
 g - a +0 short sword (weapon)
Jewellery
 d - a +4 ring of intelligence (left hand)
 e - a -5 ring of intelligence
Scrolls
 c - 2 scrolls of remove curse
 f - a scroll of teleportation {unknown}
 h - 3 scrolls of fear {unknown}
 i - a scroll of identify {unknown}
Potions
 j - a potion of agility {unknown}
 k - a potion of mutation {unknown}
Books
 a - a book of Air

   Spells                             Type                      Level
   a - Shock                          Conjuration/Air              1
   b - Swiftness                      Charms/Air                   2
   c - Static Discharge               Conjuration/Air              3
   d - Airstrike                      Air                          4
   e - Lightning Bolt                 Conjuration/Air              5
Comestibles
 b - 2 rations


   Skills:
 * Level 1.1(0.7) Fighting
 * Level 0.2(0.0) Short Blades
 + Level 2.1(1.8) Dodging
 + Level 1.8(1.5) Stealth
 + Level 2.2(1.9) Spellcasting
 + Level 1.1(0.7) Conjurations
 * Level 0.1(0.0) Charms
 + Level 3.2(2.9) Air Magic


You had 2 spell levels left.
You knew the following spells:

 Your Spells              Type           Power        Failure   Level  Hunger
a - Shock                 Conj/Air       #...         8%          1    #......
b - Swiftness             Chrm/Air       #.......     14%         2    ###....


Dungeon Overview and Level Annotations

Branches:
Dungeon (2/15)

Altars:

Annotations:
D:2 Crazy Yiuf


Innate Abilities, Weirdness & Mutations

Your plain brown scales are hard. (AC +4)
You cannot fit into any form of body armour.
You are cold-blooded and may be slowed by cold attacks.


Message History

The zap hits Crazy Yiuf.
Crazy Yiuf is lightly wounded.
The zap hits Crazy Yiuf.
Crazy Yiuf is moderately wounded.
Casting: Shock
Confirm with . or Enter, or press ? or * to list all spells.
Aiming: Shock
Press: ? - help, Shift-Dir - straight line The zap hits Crazy Yiuf.
Crazy Yiuf is moderately wounded.
You hit Crazy Yiuf.
Crazy Yiuf is heavily wounded.
Crazy Yiuf twirls on the spot.
Crazy Yiuf hits you with a quarterstaff of chaos!
You feel drained.
* * * LOW HITPOINT WARNING * * *
You hit Crazy Yiuf.
Crazy Yiuf is severely wounded.
Crazy Yiuf hits you with a quarterstaff of chaos!
You die...

.......# ##...#.##
##.##... # #.# ..#
.##.# #.#
#.#.###.##♣♣♣♣♣
.........#..♣.♣♣♣ ###
#####........♣..♣#...#
..........P.♣♣♣♣@g...#
#####....#P♣♣ ♣♣#..)#
#####...##♣♣ ###
#.......# .)......#
#.###.### # #.#
#..........#
####...###.#


You could see Crazy Yiuf.

Vanquished Creatures
  2 dart slugs (D:1)
  2 bats
  2 giant cockroaches
  3 hobgoblins (D:1)
  2 jackals (D:1)
  A frilled lizard (D:1)
  2 goblins (D:1)
  5 kobolds (D:1)
  3 rats
22 creatures vanquished.

Notes
Turn   | Place    | Note
-------+----------+-------------------------------------------
     0 | D:1      | Revguard the Draconian Air Elementalist began the quest for the Orb.
     0 | D:1      | Reached XP level 1. HP: 14/14 MP: 3/3
   408 | D:1      | Reached XP level 2. HP: 13/20 MP: 1/5
   712 | D:1      | Learned a level 2 spell: Swiftness
   823 | D:1      | Reached skill level 1 in Fighting
  1102 | D:2      | Found a runed door.
  1106 | D:2      | Noticed Crazy Yiuf
  1110 | D:2      | Slain by Crazy Yiuf

Skill      XL: |  1  2 |
---------------+-------+-----
Dodging        | 2 |  2.1
Fighting       | 1 |  1.1
Short Blades   | |  0.2
Stealth        | |  1.8
Spellcasting   | |  2.2
Conjurations   | |  1.1
Charms         | |  0.1
Air Magic      | |  3.2

Action                   || total
-------------------------++-------
Melee: Unarmed           ||    36
       Tailslap          ||     8
       Short sword       ||    55
 Cast: Shock             ||    21
       Swiftness         ||     1
  Use: Scroll            ||     1
 Stab: Sleeping          ||     1
Armor: Skin              ||    42
Dodge: Dodged            ||    64
